 Dungeon Crawl Stone Soup version 0.29.0-4-gdea44cf6ec (webtiles) character file.

Game seed: 7694806057321026439

151 qw the Chopper (level 5, -2/30 HPs)
             Began as a Tengu Warper on Aug 28, 2022.
             Slain by a black bear (8 damage)
             ... on level 6 of the Dungeon.
             The game lasted 00:00:13 (2318 turns).

qw the Chopper (Tengu Warper)                       Turns: 2318, Time: 00:00:13

Health: -2/30      AC:  7    Str: 13    XL:     5   Next: 33%
Magic:  9/9        EV: 13    Int: 13    God:
Gold:   132        SH:  0    Dex: 14    Spells: 8/8 levels left

rFire   . . .      SeeInvis .   Y - +0 broad axe
rCold   . . .      Faith    .   (no shield)
rNeg    . . .      Spirit   .   f - +0 ring mail
rPois   .          Reflect  .   d - +2 hat
rElec   .          Harm     .   (no cloak)
rCorr   .          Rampage  .   (no gloves)
Will    .....                   (boots unavailable)
Stlth   +.........              (no amulet)
HPRegen 0.10/turn               j - +4 ring of protection
MPRegen 0.11/turn               (no ring)

@: corroded, flying quickly and evasively, quick
A: beak, talons 3, nimble flight
a: no special abilities


You were on level 6 of the Dungeon.
You visited 1 branch of the dungeon, and saw 4 of its levels.

You collected 132 gold pieces.


Innate Abilities, Weirdness & Mutations

You have a beak for a mouth.
You have claws for feet.
Your magical nature lets you fly swiftly and evasively.


   Skills:
 - Level 2.0 Fighting
 + Level 5.9 Axes
 - Level 1.0 Throwing
 - Level 1.1 Armour
 - Level 2.1 Dodging
 - Level 2.0 Spellcasting
 - Level 2.4 Translocations


You had 8 spell levels left.
You didn't know any spells.
Your spell library contained the following spells:

 Spells                   Type           Power      Damage    Failure   Level
 Blink                    Tloc           14%        N/A       30%         2
 Gell's Gravitas          Tloc           7%         N/A       52%         3
 Lesser Beckoning         Tloc           7%         N/A       52%         3
 Teleport Other           Tloc           7%         N/A       52%         3
 Manifold Assault         Tloc           7%         N/A       99%         5

Inventory:

Hand Weapons
 e - a +0 flail
 Y - a +0 broad axe (weapon)
Armour
 a - a +0 cloak
 d - a +2 hat (worn)
 f - a +0 ring mail (worn)
Jewellery
 j - a +4 ring of protection (left hand)
Scrolls
 k - a scroll of identify
Potions
 g - a potion of brilliance {unknown}
 h - 2 potions of curing

Dungeon Overview and Level Annotations

Branches:
Dungeon (3/15)

Altars:


Message History

The black bear growls angrily.
The jelly quivers.
You closely miss the black bear.
You peck the black bear, but do no damage.
The black bear bites you! The black bear barely misses you.
The black bear claws you but does no damage.
You hit the black bear. You claw the black bear!
The black bear is moderately wounded.
The black bear barely misses you.
The black bear claws you but does no damage.
The black bear misses you.
The black bear bites you but does no damage.
The black bear closely misses you. The black bear completely misses you.
You hit the black bear.
You claw the black bear, but do no damage.
You peck the black bear, but do no damage.
The black bear is heavily wounded.
You hit the jelly.
Your hands burn!
The jelly hits you but does no damage. The black bear barely misses you.
The black bear misses you.
The black bear claws you but does no damage.
You barely miss the black bear.
The black bear is heavily wounded.
You barely miss the jelly. The jelly hits you but does no damage.
The black bear bites you. The black bear claws you.
The black bear barely misses you.
You hit the black bear. You peck the black bear.
The black bear is severely wounded.
You hit the jelly. The acid corrodes you!
Your hands burn!
The jelly hits you but does no damage. The black bear bites you.
The black bear barely misses you. x2; The jelly hits you but does no damage.
The black bear goes berserk!
You hit the black bear. Your kick misses the black bear.
You peck the black bear, but do no damage.
The black bear is almost dead.
You hit the jelly.
Your hands burn!
The black bear bites you! The black bear closely misses you.
The black bear barely misses you. The jelly hits you but does no damage.
The black bear bites you!
You die...

#. .# #.
. #.#.
#.~~
#>~##
#... #
#.J###~#
#.@~~~~#
#h#.####
#.#.#
#.#.#
#.#.#
#.#.#
#.#.#
#.#.#
#.#


You could see a black bear (berserk) and a jelly.

Vanquished Creatures
  A centaur zombie (D:3)
  Jessica (D:2)
  A hound skeleton (D:3)
  4 adders
  2 adder zombies (D:3)
  A worm (D:3)
  2 dart slugs (D:3)
  An orc (D:3)
  A bat (D:3)
  2 giant cockroaches
  A hobgoblin (D:2)
  4 kobolds
  3 quokkas
  5 ball pythons
  A ball python zombie (D:3)
  A frilled lizard (D:1)
  4 goblins
  A quokka skeleton (D:3)
  A rat (D:2)
37 creatures vanquished.

Vanquished Creatures (others)
  2 withered plants (D:3)
2 creatures vanquished.

Grand Total: 39 creatures vanquished

Notes
Turn   | Place    | Note
-------+----------+-------------------------------------------
     0 | D:1      | qw the Tengu Warper began the quest for the Orb.
     0 | D:1      | Reached XP level 1. HP: 12/12 MP: 4/4
     0 | D:1      | 0 ||| qw: Version: 0.1-a-89-g26bdef1
     0 | D:1      | 0 ||| qw: Game counter: 643
     0 | D:1      | 0 ||| qw: Always use a shield: true
     0 | D:1      | 0 ||| qw: God list: Okawaru
     0 | D:1      | 0 ||| qw: Allow faded altars: false
     0 | D:1      | 0 ||| qw: Do Orc after D:15 true
     0 | D:1      | 0 ||| qw: Do second Lair branch before Depths: true
     0 | D:1      | 0 ||| qw: Lair rune preference: random
     0 | D:1      | 0 ||| qw: Plans: Normal
     0 | D:1      | 0 ||| PLANNING D:1-11
   382 | D:1      | Found a faded altar of an unknown god.
   382 | D:1      | Noticed an iron imp
   460 | D:1      | Reached XP level 2. HP: 17/17 MP: 6/6
   483 | D:1      | Reached skill level 3 in Axes
   576 | D:1      | 576 ||| UPGRADING to +0 ring mail.
   586 | D:1      | 586 ||| DROPPING +0 leather armour.
   587 | D:1      | 587 ||| UPGRADING to +4 ring of protection.
   588 | D:1      | 588 ||| READING scroll labelled XULOXK VIERELO.
   591 | D:1      | 591 ||| READING scroll labelled QISUUXI ZUJOYF.
   592 | D:1      | 592 ||| READING 2 scrolls labelled HAAXIV EHOOHECS.
   593 | D:1      | 593 ||| DRINKING 2 black potions.
   594 | D:1      | 594 ||| DROPPING scroll of blinking.
   629 | D:2      | 629 ||| STAIRDANCE
   693 | D:2      | Noticed Jessica
   695 | D:2      | 695 ||| Stepping ~*~*~tactically~*~*~ (hiding).
   704 | D:2      | Killed Jessica
   705 | D:2      | Reached skill level 4 in Axes
   705 | D:2      | Reached XP level 3. HP: 21/21 MP: 7/7
   941 | D:2      | 941 ||| Stepping ~*~*~tactically~*~*~ (stealth).
   950 | D:2      | Reached XP level 4. HP: 26/26 MP: 8/8
   953 | D:2      | 953 ||| Stepping ~*~*~tactically~*~*~ (hiding).
  1002 | D:2      | 1002 ||| SWAPPING to +0 broad axe.
  1003 | D:2      | 1003 ||| DROPPING +0 hand axe.
  1527 | D:2      | 1527 ||| UPGRADING to +2 hat.
  1532 | D:2      | 1532 ||| READING scroll labelled HAFOENGURIE.
  1633 | D:2      | 1633 ||| READING scroll labelled BURIGUS UNLICIM.
  1634 | D:2      | 1634 ||| READING scroll labelled FAWEISOORA.
  1663 | D:3      | 1663 ||| PLANNING SEWER
  1671 | D:3      | Reached skill level 5 in Axes
  1769 | D:3      | Gained mutation: Your magical nature lets you fly swiftly
                  | and evasively. [Tengu growth]
  1769 | D:3      | Reached XP level 5. HP: 26/30 MP: 9/9
  2069 | D:3      | 2069 ||| Stepping ~*~*~tactically~*~*~ (stealth).
  2231 | D:3      | You are sucked into a shaft and drop 3 floors!
  2233 | D:6      | 2233 ||| DROPPING +2 whip of venom.
  2312 | D:6      | Noticed a black bear
  2318 | D:6      | HP: 6/30 [black bear (7)]
  2318 | D:6      | Slain by a black bear

Levels and vault maps discovered:
D:1:      reono_arrival_forest_river, layout_basic,
          dreamdust_ecumenical_altar_sealed_demon
D:2:      layout_basic, uniq_jessica
D:3:      layout_basic, serial_undead, serial_undead_c, serial_undead_f,
          serial_undead_d, serial_undead_c, serial_undead_c, serial_undead_a,
          serial_undead_c, serial_undead_e, serial_undead_f, serial_undead_b,
          portal_sewer_entry_e, chequers_mini_garden, kennysheep_cross_room,
          bh_walls_and_bars
D:6:      layout_basic, kennysheep_mini_moat, small_statue_intersection,
          grunt_ministairs_9, uniq_crazy_yiuf_cottage

Skill      XL: |  1  2  3  4 |
---------------+-------------+-----
Axes           | 4 5 |  5.9
Fighting       | |  2.0
Throwing       | |  1.0
Armour         | |  1.1
Dodging        | |  2.1
Spellcasting   | |  2.0
Translocations | |  2.4

Action                   |  1- 3 |  4- 6 || total
-------------------------+-------+-------++-------
Melee: Hand axe          |    39 |     3 ||    42
       Peck              |     7 |    13 ||    20
       Kick              |    10 |    18 ||    28
       Broad axe         |       |    62 ||    62
Throw: Boomerang         |     7 |       ||     7
  Use: Scroll            |     3 |     3 ||     6
       Potion            |     1 |       ||     1
Armor: Leather armour    |     3 |       ||     3
       Ring mail         |     8 |    38 ||    46
Dodge: Dodged            |    21 |    43 ||    64

Table legend:
 A = Non-vault XP
 B = Vault XP
 C = Vault XP percentage of total XP
 D = Non-vault monster count
 E = Vault monster count
 F = Vault count percentage of total count
                 A         B        C        D         E       F
            +---------+---------+-------+---------+---------+-------
      Total |     104 |     113 |  52.1 |      30 |       7 |  18.9
            +---------+---------+-------+---------+---------+-------
        D:1 |      12 |       0 |   0.0 |       8 |       0 |   0.0
        D:2 |      54 |      37 |  40.7 |      12 |       1 |   7.7
        D:3 |      25 |      76 |  75.2 |       9 |       6 |  40.0
        D:6 |      13 |       0 |   0.0 |       1 |       0 |   0.0
            +---------+---------+-------+---------+---------+-------
